 Dungeon Sprint DCSS version 0.31-a0-662-g684573625c (webtiles) character file.

Game seed: 12971302704779588075

249 dialectric the Unseen (level 5, -1/22 HPs)
             Began as a Spriggan Brigand on Sept 1, 2023.
             Slain by a neqoxec (10 damage)
             ... in the Dungeon (Sprint II: "The Violet Keep of Menkaure").
             The game lasted 00:00:14 (26 turns).

dialectric the Unseen (Spriggan Brigand)              Turns: 26, Time: 00:00:15

Health: -1/22      AC:  3    Str:  7      XL:     5   Next: 87%
Magic:  6/6        EV: 17    Int: 11 (13) God:
Gold:   0          SH:  0    Dex: 18      Spells: 4/4 levels left

rFire   . . .        a - +2 dagger
rCold   . . .        (no shield)
rNeg    . . .        b - +0 robe
rPois   .            (helmet restricted)
rElec   .            c - +0 cloak
rCorr   .            (gloves unavailable)
SInv    +            (boots unavailable)
Will    .....        (no amulet)
Stlth   +++++++      (no ring)
HPRegen 0.00/turn    (no ring)
MPRegen 0.10/turn

%: no teleportation
@: on berserk cooldown, inhibited regen, slowed, quick
A: very small, no large weapons, unfitting armour, see invisible, speed 3, frail
2, inhibited regeneration
a: no special abilities


You were in the Dungeon.
You visited 1 branch

Inventory:

Hand Weapons
 a - a +2 dagger (weapon)
Missiles
 d - 9 poisoned darts (quivered)
 e - 3 curare-tipped darts
Armour
 b - a +0 robe (worn)
 c - a +0 cloak (worn)
Scrolls
 k - a scroll of blinking
Potions
 f - a potion of curing
 g - a potion of heal wounds
 h - a potion of haste
 i - 2 potions of magic


   Skills:
 + Level 3.5 Fighting
 + Level 4.6 Short Blades
 - Level 3.4 Throwing
 + Level 2.7 Dodging
 + Level 16.5 Stealth


You had 4 spell levels left.
You didn't know any spells.
Your spell library was empty.

Dungeon Overview and Level Annotations

Branches:
Dungeon (1/1)

Altars:


Innate Abilities, Weirdness & Mutations

You are very small and have problems with some larger weapons.
You are too small for most types of armour.
You have supernaturally acute eyesight. (SInv)
You cover ground extremely quickly. (Speed+++)
You are very frail. (-20% HP)
You do not regenerate when monsters are visible.


Message History

You puncture the neqoxec!
The neqoxec is severely wounded.
The neqoxec closely misses you.
You closely miss the neqoxec.
The neqoxec is severely wounded.
You hit the neqoxec but do no damage.
The neqoxec is severely wounded.
The neqoxec barely misses you.
You puncture the neqoxec!
You kill the neqoxec!
The neqoxec gestures at you.
Strange energies course through your body.
You feel frail.
Your Short Blades skill increases to level 4!
Your Stealth skill gained 3 levels and is now at level 16!
You have reached level 5!
You feel clever.
You hit the neqoxec.
The neqoxec is lightly wounded.
You hit the neqoxec.
The neqoxec is moderately wounded.
The neqoxec gestures at you.
You feel dopey. Something feeds on your intellect!
You closely miss the neqoxec.
The neqoxec is moderately wounded.
You puncture the neqoxec!
The neqoxec is heavily wounded.
You are no longer berserk.
You are exhausted.
You feel yourself slow down. The neqoxec closely misses you.
You barely miss the neqoxec.
The neqoxec is heavily wounded.
The neqoxec gestures at you.
Strange energies course through your body.
You feel frail.
You hit the neqoxec but do no damage.
The neqoxec is heavily wounded.
The neqoxec hits you!
You die...

# #. #+#
#..##.##
#33@<.+
#.##.##
#. #+# #


You could see 2 neqoxecs.

Vanquished Creatures
  2 neqoxecs (D)
2 creatures vanquished.

Notes
Turn   | Place    | Note
-------+----------+-------------------------------------------
     0 | D        | dialectric the Spriggan Brigand began the quest for the
                  | Orb.
     0 | D        | Reached XP level 1. HP: 10/10 MP: 2/2
     1 | D        | Noticed a neqoxec
     1 | D        | Noticed a neqoxec
     1 | D        | Noticed a neqoxec
     1 | D        | Noticed a neqoxec
    11 | D        | Killed a neqoxec
    12 | D        | Reached skill level 13 in Stealth
    12 | D        | Reached XP level 2. HP: 12/16 MP: 3/3
    12 | D        | Reached XP level 3. HP: 15/20 MP: 4/4
    12 | D        | Reached XP level 4. HP: 18/24 MP: 5/5
    13 | D        | Gained mutation: You do not regenerate when monsters are
                  | visible. [a neqoxec]
    20 | D        | Killed a neqoxec
    20 | D        | Gained mutation: You are frail. (-10% HP) [a neqoxec]
    21 | D        | Reached skill level 16 in Stealth
    21 | D        | Reached XP level 5. HP: 14/25 MP: 6/6
    25 | D        | Gained mutation: You are very frail. (-20% HP) [a neqoxec]
    26 | D        | Slain by a neqoxec

Illustrated notes

Levels and vault maps discovered:
D:        the_violet_keep_of_menkaure [sprint2_stairs_cluster_1,
          sprint2_shoproom, sprint2_temple, sprint2_basic_supplies,
          sprint2_obstacle_6, sprint2_obstacle_3, sprint2_obstacle_7,
          sprint2_obstacle_2, sprint2_obstacle_4, sprint2_timed_cluster_1,
          sprint2_smallroom_cluster_1, sprint2_smallroom_final_cluster_1,
          sprint2_transparent_cluster_1, sprint2_second_timed_cluster_1,
          sprint2_sniper_area_1, sprint2_heavy_combat_area_1,
          sprint2_mutation_trap_area_1, sprint2_forest_area_1,
          sprint2_light_combat_area_1, sprint2_behind_water_1,
          sprint2_near_end_vault_1]

Skill      XL: |  1  2  3  4 |
---------------+-------------+-----
Fighting       | 3 |  3.5
Short Blades   | 3 4 |  4.6
Throwing       | 3 |  3.4
Dodging        | 2 |  2.7
Stealth        | 13 16 | 16.5

Action                     |  1- 3 |  4- 6 || total
---------------------------+-------+-------++-------
  Melee: Dagger            |     9 |    15 ||    24
         Punch             |     1 |       ||     1
    Use: Potion            |     1 |       ||     1
 Armour: Robe              |     1 |     2 ||     3
  Dodge: Dodged            |     4 |     3 ||     7

Table legend: (Time is in decaauts)
 A = Elapsed time spent in this place.
 B = Non-inter-level travel time spent in this place.
 C = Inter-level travel time spent in this place.
 D = Time resting spent in this place.
 E = Time spent auto-exploring this place.
 F = Levels seen in this place.
 G = Mean time per level.
                   A        B        C        D        E       F      G
               +--------+--------+--------+--------+--------+-----+--------+
         Total |     15 |     15 |      0 |      0 |      0 |   1 |   15.0 |
       Dungeon |     15 |     15 |      0 |      0 |      0 |   1 |   15.0 |
               +--------+--------+--------+--------+--------+-----+--------+

Top non-repeatable levels by time:
       D: 15 daAuts
